 Dungeon Crawl Stone Soup version 0.18-a0-902-g8738618 (webtiles) character file.

993 Jmtri7 the Skirmisher (level 8, 0/65 HPs)
             Began as a Formicid Skald on Dec 24, 2015.
             Slain by an ogre
             ... wielding a +0 giant club
              (23 damage)
             ... on level 4 of the Dungeon.
             The game lasted 00:36:41 (4207 turns).

Jmtri7 the Skirmisher (Formicid Skald)              Turns: 4207, Time: 00:36:41

Health: 0/65       AC: 14    Str: 20    XL:     8   Next: 42%
Magic:  14/14      EV:  8    Int: 13    God:
Gold:   228        SH:  0    Dex: 13    Spells: 3 memorised, 9 levels left

rFire  . . .     SeeInvis +     y - +4 scythe (flame)
rCold  + . .     Gourm    +     h - +5 chain mail of Gozag's Esteem {rC+ Int+2 Stlth+}
rNeg   . . .     Faith    .     (no shield)
rPois  .         Spirit   .     (helmet unavailable)
rElec  .         Dismiss  .     (no cloak)
rCorr  .         Reflect  .     (no gloves)
SustAt .         Harm     .     (no boots)
MR     .....                    s - amulet of the gourmand
Stlth  ..........               (no ring)
                                o - +3 ring of dexterity

@: very slightly contaminated, starving, not resistant to hostile enchantments,
extremely unstealthy
A: permanent stasis, dig shafts and tunnels, four strong arms, antennae 3
a: Dig, Shaft Self


You were on level 4 of the Dungeon.
You were starving.

You visited 1 branch of the dungeon, and saw 6 of its levels.

You collected 228 gold pieces.

Inventory:

Hand Weapons
 i - a +0 mace of holy wrath
 r - a +0 whip of electrocution
 y - a +4 scythe of flaming (weapon)
Missiles
 l - 70 arrows
 n - 5 tomahawks (quivered)
 q - 36 bolts
 A - a throwing net
Armour
 h - the +5 chain mail of Gozag's Esteem (worn) {rC+ Int+2 Stlth+}
   (You found it on level 4 of the Dungeon)

   It affects your intelligence (+2).
   It protects you from cold.
   It makes you more stealthy.
 z - a +2 robe of magic resistance
Jewellery
 o - a +3 ring of dexterity (left hand)
 s - an amulet of the gourmand (around neck)
 t - an uncursed amulet of the gourmand
Wands
 w - a wand of slowing (23/48)
Scrolls
 d - 5 scrolls of identify {unknown}
 f - 2 scrolls of teleportation {unknown}
 k - a scroll of fog {unknown}
 p - 3 scrolls of random uselessness {unknown}
Potions
 e - a potion of lignification {unknown}
 g - a potion of brilliance {unknown}
 j - a potion of cancellation {unknown}
 m - 4 potions of degeneration {unknown}
 u - a potion of ambrosia {unknown}
 v - a potion of haste {unknown}
 x - a potion of curing {unknown}
Books
 c - a book of Battle

   Spells                             Type                      Level
   a - Infusion                       Charms                       1
   b - Shroud of Golubria             Charms/Translocation         2
   c - Song of Sleighing              Charms                       2
   d - Spectral Weapon                Hexes/Charms                 3
   e - Regeneration                   Charms/Necromancy            3


   Skills:
 - Level 6.8 Fighting
   Level 2.0 Axes
 - Level 5.0 Armour
 - Level 0.8 Dodging
 + Level 4.4 Spellcasting
 - Level 3.9 Hexes
 - Level 3.0 Charms


You had 9 spell levels left.
You knew the following spells:

 Your Spells              Type           Power        Failure   Level  Hunger
a - Infusion              Chrm           ##....       58%         1    None
b - Song of Sleighing     Chrm           ##......     82%         2    ##.....
c - Spectral Weapon       Hex/Chrm       ##......     96%         3    ###....


Dungeon Overview and Level Annotations

Branches:
Dungeon (6/15)
 Temple: D:4-7

Altars:
Nemelex Xobeh
Ru
Vehumet


Innate Abilities, Weirdness & Mutations

You are under a permanent stasis effect.
You can dig through walls and to a lower floor.
Your four strong arms can wield two-handed weapons with a shield.
You have a pair of large antennae on your head (SInv).


Message History

You don't have the energy to cast that spell.
The orc throws a tomahawk.
The tomahawk hits you.
You see here a tomahawk.
The orc throws a tomahawk.
The tomahawk hits you but does no damage.
You see here 2 tomahawks.
A worm comes into view.
The worm barely misses you.
There is a stone staircase leading up here.
The worm bites you but does no damage.
You climb upwards.
The ogre shouts!
Found 10 gold pieces and 2 arrows of frost.
There is a stone staircase leading down here.
Your chain mail of Gozag's Esteem prevents you from hitting the worm.
The worm bites you but does no damage.
You slash the worm! You burn the worm.
The worm is severely wounded.
The worm bites you but does no damage. The ogre hits you with a giant club!!
You die...

#######
#......
#.##### ######
##########
..[<.#
#.....@w.#
####.#
#.#....O...$..
.#
#.###...####
.# .. ....#
###.. ... ..
...... .....
.. ..# ......(
..## # ..##
....... ....#
#...# #.#.#.#
#..#..###.....


You could see an ogre and a worm.

Vanquished Creatures
  Sigmund (D:3)
  A phantom (D:4)
  An ogre (D:4)
  A centaur (D:6)
  A water moccasin skeleton (D:5)
  4 orc wizards
  An iguana (D:5)
  An orc priest (D:4)
  2 crimson imps (D:5)
  A gnoll shaman (D:5)
  2 worker ants
  A hound skeleton (D:4)
  3 gnolls (D:5)
  2 adders
  A shadow imp (D:5)
  An ooze (D:3)
  An adder skeleton (D:4)
  An adder zombie (D:5)
  2 worms
  20 orcs
  4 bats
  6 giant cockroaches
  11 hobgoblins
  20 jackals
  9 kobolds
  3 quokkas
  A ball python (D:2)
  5 giant geckos
  5 giant newts
  11 goblins
  11 rats
134 creatures vanquished.

Notes
Turn   | Place    | Note
--------------------------------------------------------------
     0 | D:1      | Jmtri7 the Formicid Skald began the quest for the Orb.
     0 | D:1      | Reached XP level 1. HP: 16/16 MP: 3/3
   226 | D:1      | Reached XP level 2. HP: 10/23 MP: 5/5
   232 | D:1      | Learned a level 2 spell: Song of Sleighing
  1031 | D:2      | Reached XP level 3. HP: 26/29 MP: 6/6
  1173 | D:2      | Reached skill level 4 in Fighting
  1813 | D:3      | Noticed Sigmund
  1823 | D:3      | Reached XP level 4. HP: 33/38 MP: 4/7
  1827 | D:3      | Killed Sigmund
  1827 | D:3      | Reached skill level 6 in Fighting
  1827 | D:3      | Reached XP level 5. HP: 38/47 MP: 5/8
  1827 | D:3      | Reached XP level 6. HP: 42/53 MP: 5/9
  1927 | D:3      | Found a radiant altar of Vehumet.
  1939 | D:3      | Learned a level 3 spell: Spectral Weapon
  2309 | D:3      | Reached skill level 1 in Hexes
  3116 | D:4      | Got a smoking chain mail
  3127 | D:4      | Identified the +5 chain mail of Gozag's Esteem {rC+ Int+2 Stlth+} (You found it on level 4 of the Dungeon)
  3129 | D:4      | Found a sparkling altar of Nemelex Xobeh.
  3177 | D:4      | Reached XP level 7. HP: 14/59 MP: 6/10
  3734 | D:4      | You fall through a shaft for 2 floors!
  3792 | D:6      | Reached XP level 8. HP: 40/65 MP: 7/11
  3811 | D:5      | Entered Level 5 of the Dungeon
  3829 | D:5      | Reached skill level 5 in Armour
  4060 | D:5      | Found a sacrificial altar of Ru.
  4207 | D:4      | Slain by an ogre

Vault maps used:
D:1:      minmay_arrival_four_houses, minmay_crystal_room
D:3:      lemuel_round_altar, uniq_sigmund
D:4:      minivault_27, dk_noncrumbling_2, nemelex_diamond_rough_becter
D:5:      first_bread, nicolae_ru_the_path_less_chosen, uniq_menkaure
D:6:      kennysheep_mini_moat, serial_shops, shop

Action                   |  1- 3 |  4- 6 |  7- 9 || total
-------------------------+-------+-------+-------++-------
Melee: Hand axe          |    15 |       |       ||    15
       Mace              |    60 |       |       ||    60
       Whip              |    52 |     3 |       ||    55
       Scythe            |       |   131 |   130 ||   261
 Cast: Infusion          |     2 |     8 |     3 ||    13
       Song of Sleighing |    13 |     9 |     1 ||    23
  Use: Scroll            |     1 |       |       ||     1
  Eat: Bread ration      |     1 |       |       ||     1
       Beef jerky        |       |     3 |       ||     3
       Meat ration       |       |     1 |       ||     1
